 Dungeon Crawl Stone Soup version 0.24-a0-584-g9d6b971ae4 (webtiles) character file.

Game seed: 13253898808833043844, levelgen mode: deterministic

10548 Ge0ff the Geomancer (level 11, 0/84 HPs)
             Began as a Formicid Earth Elementalist on Aug 30, 2019.
             Was a High Priest of Cheibriados.
             Slain by an eight-headed hydra (5 damage)
             ... on level 11 of the Dungeon on Aug 31, 2019.
             The game lasted 00:41:10 (17431 turns).

Ge0ff the Geomancer (Formicid Earth Elementalist)  Turns: 17431, Time: 00:41:11

Health: 0/84       AC:  7    Str: 23    XL:     11   Next: 95%
Magic:  8/21       EV: 20    Int: 30    God:    Cheibriados [*****.]
Gold:   368        SH: 13    Dex: 27    Spells: 9/24 levels left

rFire    . . .     SeeInvis +   w - +2 dagger (venom)
rCold    + . .     Gourm    .   O - +0 shield
rNeg     . . .     Faith    .   S - +1 robe {rC+}
rPois    .         Spirit   .   (helmet unavailable)
rElec    .         Reflect  .   N - +2 cloak
rCorr    .         Harm     .   T - +0 pair of gloves
MR       +....                  (no boots)
Stlth    ++++......             (no amulet)
HPRegen  0.24/turn              P - ring of flight
MPRegen  0.17/turn              (no ring)

@: agile, very slightly contaminated, very slow
A: permanent stasis, dig shafts and tunnels, four strong arms, antennae 3
a: Dig, Shaft Self, Bend Time, Temporal Distortion, Slouch, Step From Time,
Renounce Religion, Evoke Flight


You were on level 11 of the Dungeon.
You worshipped Cheibriados.
Cheibriados was extremely pleased with you.
You were not hungry.

You visited 2 branches of the dungeon, and saw 12 of its levels.

You collected 820 gold pieces.
You spent 452 gold pieces at shops.

Inventory:

Hand Weapons
 a - a +5 whip of electrocution
 b - a +4 spear of venom
 w - a +2 dagger of venom (weapon)
Missiles
 Q - 75 stones
 R - a throwing net {!f}
 V - 189 arrows
 Y - 6 poisoned darts (quivered)
Armour
 N - a +2 cloak (worn)
 O - a +0 shield (worn)
 S - a +1 robe of cold resistance (worn)
 T - a +0 pair of gloves (worn)
 Z - the +0 robe "Herrysh" {+Inv rElec}
   (You found it on level 5 of the Dungeon)

   It insulates you from electricity.
   It lets you turn invisible.
Magical Staves
 W - an uncursed staff of air
Jewellery
 M - an uncursed ring of fire
 P - a ring of flight (left hand)
Wands
 d - a wand of digging (8)
 f - a wand of flame (52)
 s - a wand of disintegration (10)
Scrolls
 i - 2 scrolls of identify
 m - 2 scrolls of magic mapping
 x - 3 scrolls of enchant armour
 C - 2 scrolls of remove curse
 F - a scroll of fog
 J - a scroll of silence {!r}
 U - a scroll of amnesia
Potions
 o - a potion of ambrosia
 q - 7 potions of curing
 z - a potion of brilliance
 A - 3 potions of agility
 K - a potion of magic {!q}
 L - 4 potions of lignification
 X - 3 potions of mutation
Miscellaneous
 l - a lightning rod (4/4)
Comestibles
 r - 18 rations


   Skills:
 + Level 7.4 Fighting
 - Level 4.1 Dodging
 - Level 3.0 Stealth
 + Level 7.5 Shields
 + Level 7.3 Spellcasting
 + Level 7.3 Conjurations
 - Level 4.0 Transmutations
 + Level 10.0 Earth Magic
 + Level 2.3 Invocations
 + Level 5.5 Evocations


You had 9 spell levels left.
You knew the following spells:

 Your Spells              Type           Power        Failure   Level  Hunger
h - Lee's Rapid Deconstr  Erth           ######....   2%          5    ####...
k - Stone Arrow           Conj/Erth      ######       1%          3    None
m - Sandblast             Erth           ######       1%          1    None
p - Petrify               Tmut/Erth      ######..     3%          4    ##.....
w - Passwall              Tmut/Erth      ######..     1%          2    None

Your spell library contained the following spells:

 Spells                   Type           Power        Failure   Level  Hunger


Dungeon Overview and Level Annotations

Branches:
Dungeon (11/15)            Temple (1/1) D:7            Lair (0/6) D:9
    Orc (0/2) D:10

Altars:
Ashenzari
Cheibriados
Dithmenos
Elyvilon
Fedhas
Gozag
Hepliaklqana
Kikubaaqudgha
Makhleb
Nemelex Xobeh
Okawaru
Qazlal
Ru
Sif Muna
Trog
Uskayaw
Vehumet
Wu Jian
Xom
Yredelemnul
Zin
The Shining One

Shops:
D:7 *

Annotations:
D:8 Gastronok
D:10 2 transporters, korppi's ghost, journeyman SpEn


Innate Abilities, Weirdness & Mutations

You cannot be hasted, slowed, berserked, paralysed or teleported.
You can dig through walls and to a lower floor.
Your four strong arms can wield two-handed weapons with a shield.
You have a pair of large antennae on your head. (SInv)


Message History

* * * LOW HITPOINT WARNING * * *
The eight-headed hydra barely misses you.
The eight-headed hydra bites you.
* * * LOW HITPOINT WARNING * * *
Okay, then.
Evoke which item? (* to show all) (? for menu, Esc to quit)
Aiming: Disintegrate
Press: ? - help, Shift-Dir - straight line, f/p - eight-headed hydra
Aim: an eight-headed hydra (heavily wounded, poisoned, chance to defeat MR: 53%)
The eight-headed hydra resists with significant effort.
You block the eight-headed hydra's attack.
The eight-headed hydra bites you.
* * * LOW HITPOINT WARNING * * *
The eight-headed hydra bites you!
* * * LOW HITPOINT WARNING * * *
The eight-headed hydra misses you. The eight-headed hydra bites you.
* * * LOW HITPOINT WARNING * * *
You block the eight-headed hydra's attack.
The eight-headed hydra bites you.
You die...

#.. #.# ...[... #.# #
...(... ##'#### #
....... #.....# #
.......
####.....#######
.......
###..'.....#.....'
.......
##...##.....'.#####
.(.....##D@####.....###
# .(........## #######
# .......#### #######


You could see an eight-headed hydra.

Vanquished Creatures
  Pikel (D:4)
  Maurice (D:8)
  A komodo dragon (D:10)
  A troll (D:9)
  2 hippogriffs
  Prince Ribbit (D:8)
  6 yaks
  A wyvern (D:9)
  5 hungry ghosts
  A steam dragon (D:8)
  Menkaure (D:5)
  A two-headed ogre zombie (D:10)
  Edmund (D:4)
  3 sky beasts
  A black bear (D:8)
  A hornet zombie (D:11)
  2 ogres
  5 orc warriors
  3 phantoms
  5 ice beasts
  A necrophage (D:8)
  6 wolves
  4 centaurs
  8 bullfrogs
  2 gnoll sergeants
  3 scorpions
  17 killer bees
  3 troll zombies (D:10)
  5 howler monkeys
  A wight (D:7)
  2 electric eels (D:9)
  5 crimson imps
  A bullfrog zombie (D:7)
  A quasit (D:9)
  2 jellies
  2 bullfrog skeletons
  7 orc wizards
  A centaur skeleton (D:6)
  8 orc priests
  10 hounds
  Natasha (thrice) (D:3)
  Terence (D:2)
  4 iguanas
  10 worker ants
  4 ogre zombies (D:10)
  A hound skeleton (D:4)
  A worker ant zombie (D:8)
  11 adders
  11 gnolls
  An adder (shapeshifter) (D:9)
  5 shadow imps
  2 oozes
  An adder skeleton (D:5)
  2 dart slugs
  7 leopard geckos
  29 orcs
  12 bats
  6 giant cockroaches
  8 goblins
  5 hobgoblins
  10 jackals
  2 kobolds
  4 quokkas
  2 ball pythons (D:4)
  A ball python (shapeshifter) (D:9)
  5 frilled lizards
  2 goblin skeletons (D:10)
  3 goblin zombies (D:10)
  4 hobgoblin skeletons (D:10)
  5 hobgoblin zombies (D:10)
  A jackal skeleton (D:8)
  An orc skeleton (D:10)
  10 orc zombies (D:10)
  6 rats
312 creatures vanquished.

Vanquished Creatures (others)
  3 orcs (D:4)
3 creatures vanquished.

Grand Total: 315 creatures vanquished

Notes
Turn   | Place    | Note
-------+----------+-------------------------------------------
     0 | D:1      | Ge0ff the Formicid Earth Elementalist began the quest for
                  | the Orb.
     0 | D:1      | Reached XP level 1. HP: 13/13 MP: 3/3
   220 | D:1      | Reached XP level 2. HP: 19/19 MP: 5/5
   307 | D:1      | Reached skill level 4 in Earth Magic
   800 | D:2      | Noticed an ogre
   801 | D:2      | Reached XP level 3. HP: 21/25 MP: 5/7
   872 | D:2      | Killed an ogre
   872 | D:2      | Reached skill level 6 in Earth Magic
   872 | D:2      | Reached XP level 4. HP: 31/31 MP: 2/8
   872 | D:2      | Reached XP level 5. HP: 36/36 MP: 2/9
   882 | D:2      | Learned a level 3 spell: Stone Arrow
  1109 | D:2      | Noticed Terence
  1115 | D:2      | Killed Terence
  1115 | D:2      | Reached skill level 1 in Fighting
  1593 | D:2      | Found a shimmering blue altar of Sif Muna.
  2000 | D:3      | Learned a level 2 spell: Passwall
  2068 | D:3      | Reached XP level 6. HP: 20/43 MP: 0/10
  2260 | D:3      | Found a shattered altar of Ashenzari.
  2282 | D:3      | Noticed Natasha
  2290 | D:3      | Killed Natasha
  2290 | D:3      | Reached skill level 1 in Conjurations
  2551 | D:3      | Noticed Natasha
  2557 | D:3      | Killed Natasha
  2807 | D:3      | Noticed Natasha
  2813 | D:3      | Killed Natasha
  3117 | D:3      | Learned a level 5 spell: Lee's Rapid Deconstruction
  3726 | D:4      | Reached XP level 7. HP: 51/51 MP: 5/12
  3828 | D:4      | Noticed Pikel
  3844 | D:4      | Killed Pikel
  3844 | D:4      | Reached skill level 7 in Earth Magic
  3844 | D:4      | Reached XP level 8. HP: 38/58 MP: 2/14
  4614 | D:4      | Noticed Edmund
  4887 | D:4      | Learned a level 4 spell: Petrify
  5136 | D:5      | Entered Level 5 of the Dungeon
  5138 | D:5      | Got a heavily jewelled robe
  5149 | D:5      | Identified the cursed +0 robe "Herrysh" {+Inv rElec} (You
                  | found it on level 5 of the Dungeon)
  5331 | D:5      | Noticed Menkaure
  5336 | D:5      | Killed Menkaure
  5336 | D:5      | Reached skill level 1 in Shields
  6545 | D:5      | Reached skill level 1 in Evocations
  6767 | D:5      | Reached skill level 5 in Spellcasting
  6767 | D:5      | Reached XP level 9. HP: 66/66 MP: 11/16
  7272 | D:6      | Found a shimmering altar of Xom.
  7379 | D:4      | Killed Edmund
  7927 | D:6      | Found a stormy altar of Qazlal.
  7980 | D:6      | Reached skill level 5 in Fighting
  8026 | D:6      | Found a stormy altar of Qazlal.
  9075 | D:7      | Reached XP level 10. HP: 76/76 MP: 8/19
  9550 | D:7      | Found a staircase to the Ecumenical Temple.
  9556 | Temple   | Entered the Ecumenical Temple
  9702 | Temple   | Became a worshipper of Cheibriados the Contemplative
  9792 | D:7      | Reached skill level 5 in Shields
 10028 | D:7      | Reached skill level 5 in Conjurations
 10102 | D:7      | Found Otor's Assorted Antiques.
 10112 | D:7      | Bought 2 scrolls labeled ZECRUY QALE for 52 gold pieces
 10112 | D:7      | Bought a fizzy white potion for 23 gold pieces
 10112 | D:7      | Bought a scroll of identify for 52 gold pieces
 10112 | D:7      | Bought an ivory ring for 130 gold pieces
 10112 | D:7      | Bought a scroll of identify for 52 gold pieces
 10112 | D:7      | Bought a scroll of identify for 52 gold pieces
 10112 | D:7      | Bought a scroll of fear for 91 gold pieces
 11391 | D:8      | Noticed Prince Ribbit
 11391 | D:8      | Noticed Gastronok
 11394 | D:8      | You fall into a shaft and drop 2 floors!
 11394 | D:10     | Entered Level 10 of the Dungeon
 11394 | D:10     | Found a staircase to the Orcish Mines.
 11424 | D:10     | Reached * piety under Cheibriados
 12088 | D:8      | You fall into a shaft and drop 1 floor!
 12340 | D:8      | Killed Prince Ribbit
 12460 | D:8      | Reached ** piety under Cheibriados
 12691 | D:8      | Reached XP level 11. HP: 84/84 MP: 14/21
 12744 | D:8      | Noticed Maurice
 12764 | D:8      | Killed Maurice
 13253 | D:8      | Reached skill level 5 in Evocations
 13377 | D:8      | Reached skill level 8 in Earth Magic
 13598 | D:9      | Found a staircase to the Lair.
 13758 | D:9      | Found a sparkling altar of Nemelex Xobeh.
 13880 | D:9      | Reached *** piety under Cheibriados
 14049 | D:9      | Reached skill level 9 in Earth Magic
 14210 | D:9      | Found a shimmering altar of Xom.
 14210 | D:9      | Found a shimmering altar of Xom.
 14210 | D:9      | Found a shimmering altar of Xom.
 14213 | D:9      | Found a shimmering altar of Xom.
 14213 | D:9      | Found a shimmering altar of Xom.
 14214 | D:9      | Found a shimmering altar of Xom.
 14215 | D:9      | Found a shimmering altar of Xom.
 14665 | D:9      | Reached **** piety under Cheibriados
 14918 | D:9      | Found a glowing silver altar of Zin.
 15560 | D:10     | Reached skill level 1 in Invocations
 15781 | D:10     | Found a transporter.
 16074 | D:10     | Reached ***** piety under Cheibriados
 16180 | D:10     | Noticed korppi's ghost (journeyman SpEn)
 16180 | D:10     | Noticed a moth of wrath
 16193 | D:10     | Found a transporter.
 16967 | D:11     | Reached skill level 10 in Earth Magic
 17276 | D:11     | Noticed an eight-headed hydra
 17431 | D:11     | Slain by an eight-headed hydra

Levels and vault maps discovered:
D:1:      dpeg_arrival_round_c, layout_loops_ring
D:2:      layout_loops_ring, marbit_many_paths, minmay_misc_feat_tiny,
          serial_bayou_lagoon_a, uniq_terence
D:3:      layout_loops_ring, ashenzari_altar_1, uniq_natasha
D:4:      layout_loops_corners, first_ration, roderic_lattice_a,
          kennysheep_generic_room_15, uniq_edmund, uniq_pikel
D:5:      layout_gridville, uniq_menkaure
D:6:      layout_gridville, lemuel_doored_altar, lemuel_crystal_altar,
          nicolae_qazlal_general_emergency
D:7:      layout_layer_cave, minmay_temple_entry_hall, serial_shops, shop,
          hangedman_abyss_or_decor_lesser_grid, minmay_bent
D:8:      layout_loops_corners, grunt_ogre_cave, uniq_maurice,
          uniq_prince_ribbit1, uniq_gastronok
D:9:      layout_cave_pods, nemelex_xobeh_ov_fountains_minmay,
          lemuel_coloured_pillars_altar, erik_lair_island, xom_shifter_show
D:10:     layout_long_grid, zombieorc2_lemuel,
          gammafunk_ghost_berserking_beasts, hangedman_decor_slide_cut,
          grunt_decor_resistance
D:11:     layout_roguey
Temple:   eino_temple_scatter_basement

Skill      XL: |  1  2  3  4  5  6  7  8  9 10 11 |
---------------+----------------------------------+-----
Earth Magic    | 4 6 7 10 | 10.0
Fighting       | 1 2 3 4 5 7 |  7.4
Dodging        | 2 3 4 |  4.1
Spellcasting   | 3 4 5 6 7 |  7.3
Stealth        | 3 |  3.0
Conjurations   | 1 2 3 4 6 7 |  7.3
Transmutations | 2 3 4 |  4.0
Shields        | 2 4 7 |  7.5
Evocations     | 1 3 4 5 |  5.5
Invocations    | 2 |  2.3

Action                   |  1- 3 |  4- 6 |  7- 9 | 10-12 || total
-------------------------+-------+-------+-------+-------++-------
Melee: Spear             |    33 |   106 |     4 |     8 ||   151
       Whip              |       |       |    26 |    75 ||   101
       Dagger            |       |       |       |    25 ||    25
Throw: Stone             |     1 |       |     3 |       ||     4
       Dart              |       |    57 |    78 |    69 ||   204
 Cast: Sandblast         |    16 |    23 |    52 |    65 ||   156
       Stone Arrow       |       |    22 |    81 |   189 ||   292
       Lee's Rapid Decon |       |       |     2 |     5 ||     7
       Petrify           |       |       |       |    10 ||    10
 Abil: Dig               |       |       |     1 |     1 ||     2
       Shaft Self        |       |       |       |     2 ||     2
Evoke: Wand              |       |       |       |     4 ||     4
  Use: Scroll            |       |     7 |     8 |    16 ||    31
       Potion            |       |       |     2 |     1 ||     3
 Stab: Sleeping          |     4 |     2 |       |       ||     6
       Petrified         |       |       |       |    31 ||    31
  Eat: Chunk             |       |    11 |    13 |    17 ||    41
       Ration            |       |       |     3 |     1 ||     4
Armor: Robe              |    11 |    21 |    14 |    21 ||    67
Dodge: Dodged            |    25 |    59 |    50 |   100 ||   234
Block: Shield            |       |       |       |    81 ||    81

Table legend:
 A = Non-vault XP
 B = Vault XP
 C = Vault XP percentage of total XP
 D = Non-vault monster count
 E = Vault monster count
 F = Vault count percentage of total count
                 A         B        C        D         E       F
            +---------+---------+-------+---------+---------+-------
      Total |   10951 |    4118 |  27.3 |     249 |      63 |  20.2
            +---------+---------+-------+---------+---------+-------
        D:1 |      28 |       0 |   0.0 |      15 |       0 |   0.0
        D:2 |     171 |      37 |  17.8 |      24 |       2 |   7.7
        D:3 |     234 |      36 |  13.3 |      24 |       1 |   4.0
        D:4 |     195 |     748 |  79.3 |      12 |       3 |  20.0
        D:5 |     681 |     175 |  20.4 |      31 |       1 |   3.1
        D:6 |     786 |       0 |   0.0 |      16 |       0 |   0.0
        D:7 |    1791 |     272 |  13.2 |      25 |       6 |  19.4
        D:8 |    1656 |    1351 |  44.9 |      34 |       8 |  19.0
        D:9 |    1815 |     583 |  24.3 |      32 |       6 |  15.8
       D:10 |    2371 |     916 |  27.9 |      24 |      36 |  60.0
       D:11 |    1223 |       0 |   0.0 |      12 |       0 |   0.0
            +---------+---------+-------+---------+---------+-------

Levels and vault maps discovered:
D:1:      dpeg_arrival_round_c, layout_loops_ring
D:2:      layout_loops_ring, marbit_many_paths, minmay_misc_feat_tiny,
          serial_bayou_lagoon_a, uniq_terence
D:3:      layout_loops_ring, ashenzari_altar_1, uniq_natasha
D:4:      layout_loops_corners, first_ration, roderic_lattice_a,
          kennysheep_generic_room_15, uniq_edmund, uniq_pikel
D:5:      layout_gridville, uniq_menkaure
D:6:      layout_gridville, lemuel_doored_altar, lemuel_crystal_altar,
          nicolae_qazlal_general_emergency
D:7:      layout_layer_cave, minmay_temple_entry_hall, serial_shops, shop,
          hangedman_abyss_or_decor_lesser_grid, minmay_bent
D:8:      layout_loops_corners, grunt_ogre_cave, uniq_maurice,
          uniq_prince_ribbit1, uniq_gastronok
D:9:      layout_cave_pods, nemelex_xobeh_ov_fountains_minmay,
          lemuel_coloured_pillars_altar, erik_lair_island, xom_shifter_show
D:10:     layout_long_grid, zombieorc2_lemuel,
          gammafunk_ghost_berserking_beasts, hangedman_decor_slide_cut,
          grunt_decor_resistance
D:11:     layout_roguey
Temple:   eino_temple_scatter_basement
